 Dungeon Crawl Stone Soup version 0.23.1-37-gaa34b87b72 (webtiles) character file.

Game seed: 17293808788743782947

154529 Lusmu the Unseen (level 17, 0/140 HPs)
             Began as a Vampire Assassin on Mar 23, 2019.
             Was the Champion of Ashenzari.
             Shot with an arrow by a naga sharpshooter (21 damage)
             ... on level 3 of the Snake Pit on Mar 24, 2019.
             The game lasted 03:33:59 (42772 turns).

Lusmu the Unseen (Vampire Assassin)                Turns: 42772, Time: 03:34:00

Health: 0/140      AC: 23    Str: 24    XL:     17   Next: 6%
Magic:  24/24      EV: 22    Int: 18    God:    Ashenzari [******]
Gold:   452        SH:  8    Dex: 21    Spells: 18/24 levels left

rFire    . . .     SeeInvis +   a - +7 rapier (freeze)
rCold    . . .     Gourm    .   l - +0 buckler
rNeg     + . .     Faith    .   N - +2 scale mail "Keopemyx" {rN+ MR+ Str+7}
rPois    +         Spirit   .   J - +2 helmet "Hagiq" {+Inv Str+5} (curse)
rElec    .         Reflect  +   h - +2 cloak (curse)
rCorr    .         Harm     .   c - +2 pair of gloves (curse)
MR       +++..     Clarity  +   W - +1 pair of boots
Stlth    ++++++....             y - +2 amulet of reflection
HPRegen  0.53/turn              O - ring of protection from magic
MPRegen  0.19/turn              G - +3 ring of dexterity

@: lethally poisoned (0 -> 0), regenerating quickly
A: fangs 3, thin skeletal structure 1, see invisible, poison resistance, robust
1, unbreathing
a: Curse Item, Scrying, Transfer Knowledge, Renounce Religion, Evoke
Invisibility


You were on level 3 of the Snake Pit.
You worshipped Ashenzari.
Ashenzari was exalted by your worship.
You were almost alive.

You visited 5 branches of the dungeon, and saw 27 of its levels.
You also visited: Sewer, Bailey and Gauntlet.

You collected 2473 gold pieces.
You spent 2021 gold pieces at shops.

Inventory:

Hand Weapons
 a - a +7 rapier of freezing (weapon)
 b - a +0 blowgun
Missiles
 e - 82 poisoned needles
 f - 17 curare-tipped needles
 m - 2 needles of sleeping
 U - 30 tomahawks of returning (quivered)
Armour
 c - a cursed +2 pair of gloves (worn)
 h - a cursed +2 cloak (worn)
 l - a +0 buckler (worn)
 J - the cursed +2 helmet "Hagiq" (worn) {+Inv Str+5}
   (You found it on level 4 of the Dungeon)

   It affects your strength (+5).
   It lets you turn invisible.
   It has a curse placed upon it.
 N - the +2 scale mail "Keopemyx" (worn) {rN+ MR+ Str+7}
   (You found it on level 7 of the Dungeon)

   It affects your strength (+7).
   It protects you from negative energy.
   It affects your resistance to hostile enchantments.
 W - a +1 pair of boots (worn)
Jewellery
 y - a +2 amulet of reflection (around neck)
 D - a +3 ring of dexterity
 G - a +3 ring of dexterity (right hand)
 O - a ring of protection from magic (left hand)
Wands
 j - a wand of iceblast (15)
 u - a wand of acid (3)
 H - a wand of enslavement (12)
 P - a wand of flame (33)
 S - a wand of paralysis (9)
 T - a wand of clouds (2)
 X - a wand of digging (4)
Scrolls
 i - a scroll of silence
 o - 9 scrolls of magic mapping
 p - 15 scrolls of teleportation
 r - 2 scrolls of enchant armour
 t - a scroll of fear
 w - 2 scrolls of fog
 A - 5 scrolls of identify
 B - a scroll of brand weapon
 F - 7 scrolls of remove curse
 I - 5 scrolls of amnesia
 R - 2 scrolls of blinking
Potions
 d - 2 potions of invisibility
 g - 19 potions of blood
 k - 11 potions of brilliance
 n - 4 potions of ambrosia
 q - 5 potions of agility
 s - a potion of magic
 v - 6 potions of flight
 x - 2 potions of might
 z - 4 potions of curing
 E - 5 potions of haste
 K - a potion of resistance
 M - a potion of cancellation
 V - a potion of heal wounds
Miscellaneous
 C - a lamp of fire
 L - a fan of gales
 Y - a phial of floods
 Z - 2 boxes of beasts


   Skills:
 - Level 10.0 Fighting
 - Level 14.0 Short Blades
 + Level 5.8 Throwing
 + Level 7.8(10.9) Armour
 + Level 12.1(14.8) Dodging
 + Level 15.8 Stealth
 - Level 4.1 Shields
 + Level 4.3 Spellcasting
 + Level 4.9 Conjurations
 - Level 4.0 Charms
 - Level 5.0 Translocations
 - Level 4.0 Air Magic
 - Level 10.1 Poison Magic
 + Level 9.7 Evocations


You had 18 spell levels left.
You knew the following spells:

 Your Spells              Type           Power        Failure   Level  Hunger
a - Blink                 Tloc           N/A          5%          2    ##.....
b - Infusion              Chrm           ###.         5%          1    None
c - Mephitic Cloud        Conj/Pois/Air  ####....     6%          3    ###....

Your spell library contained the following spells:

 Spells                   Type           Power        Failure   Level  Hunger
 Magic Dart               Conj           ###.         4%          1    None
 Searing Ray              Conj           ###...       6%          2    ##.....
 Shroud of Golubria       Chrm/Tloc      ###.......   7%          2    ##.....
 Song of Slaying          Chrm           ###.....     9%          2    ##.....
 Gell's Gravitas          Tloc           ###.......   11%         3    ###....
 Spider Form              Tmut/Pois      ###.......   11%         3    ###....
 Beastly Appendage        Tmut           #.....       28%         1    None
 Confusing Touch          Hex            #.....       28%         1    None
 Corona                   Hex            #......      28%         1    None
 Summon Small Mammal      Summ           #...         28%         1    None
 Portal Projectile        Hex/Tloc       ##....       30%         3    ###....
 Recall                   Summ/Tloc      N/A          30%         3    ###....
 Conjure Flame            Conj/Fire      ##......     32%         3    ###....
 Dazzling Spray           Conj/Hex       ##....       32%         3    ###....
 Regeneration             Chrm/Necr      ##........   36%         3    ###....
 Spectral Weapon          Hex/Chrm       ##......     36%         3    ###....
 Force Lance              Conj/Tloc      ###.....     36%         4    ####...
 Iskenderun's Mystic Bla  Conj           ###.....     36%         4    ####...
 Call Imp                 Summ           #.......     41%         2    ##.....
 Slow                     Hex            #.......     41%         2    ##.....
 Sticks to Snakes         Tmut           #.......     41%         2    ##.....
 Call Canine Familiar     Summ           #.......     65%         3    ###....
 Confuse                  Hex            #.......     65%         3    ###....
 Inner Flame              Hex/Fire       #.......     65%         3    ###....
 Summon Guardian Golem    Hex/Summ       #.......     65%         3    ###....
 Fulminant Prism          Conj/Hex       ##........   71%         4    ####...
 Summon Lightning Spire   Summ/Air       ##......     77%         4    ####...
 Animate Dead             Necr           N/A          96%         4    ####...
 Cause Fear               Hex            #.........   96%         4    ####...
 Ice Form                 Ice/Tmut       #.......     96%         4    ####...
 Leda's Liquefaction      Hex/Erth       #.........   96%         4    ####...
 Petrify                  Tmut/Erth      #.......     96%         4    ####...
 Summon Ice Beast         Ice/Summ       #.......     96%         4    ####...
 Irradiate                Conj/Tmut      ##........   96%         5    ######.
 Blade Hands              Tmut           #.........   100%        5    ######.
 Borgnjor's Vile Clutch   Necr/Erth      #.........   100%        5    ######.
 Metabolic Englaciation   Hex/Ice        #.........   100%        5    ######.
 Yara's Violent Unravell  Hex/Tmut       #.........   100%        5    ######.
 Death Channel            Necr           #.........   100%        6    #######
 Hydra Form               Tmut           #.........   100%        6    #######
 Simulacrum               Ice/Necr       #.........   100%        6    #######
 Statue Form              Tmut/Erth      #........    100%        6    #######
 Dragon Form              Tmut           #.........   100%        7    #######


Dungeon Overview and Level Annotations

Branches:
Dungeon (14/15)            Temple (1/1) D:5            Lair (6/6) D:11
 Shoals (0/4) Lair:4        Snake (4/4) Lair:4        Slime (0/5) Lair:6
    Orc (2/2) D:12            Elf (0/3) Orc:2        Vaults (0/5) D:13

Altars:
Ashenzari
Cheibriados
Dithmenos
Elyvilon
Fedhas
Gozag
Hepliaklqana
Kikubaaqudgha
Makhleb
Nemelex Xobeh
Okawaru
Qazlal
Ru
Sif Muna
Trog
Uskayaw
Vehumet
Wu Jian
Xom
Yredelemnul
Zin
The Shining One
Beogh

Shops:
D:7 **}}   D:10 }   Orc:2 ([(*   Snake:1 ==}   Snake:2 ([!   Snake:4 !

Portals:
Trove: D:13 (give +3 ice dragon scales)

Annotations:
D:9 exclusion: statue
D:11 2 transporters
Lair:4 1 runed translucent door, Doxtoqo's ghost, journeyman DDFi
Lair:6 exclusion: 4 oklob plants


Innate Abilities, Weirdness & Mutations

Your natural rate of healing is unusually fast.
You have razor-sharp teeth.
You have supernaturally acute eyesight. (SInv)
You can survive without breathing.
You have a somewhat thin skeletal structure. (Dex +2, Stealth)
Your system is resistant to poisons. (rPois)
You are robust. (+10% HP)


Message History

The naga sharpshooter shoots an arrow.
You reflect the arrow off an invisible shield around you!
The arrow closely misses the naga sharpshooter.
You puncture the naga sharpshooter! You freeze the naga sharpshooter.
The naga sharpshooter is moderately wounded.
You puncture the naga sharpshooter! You freeze the naga sharpshooter.
The naga sharpshooter is heavily wounded.
You impale the naga sharpshooter!! You freeze the naga sharpshooter!
The naga sharpshooter is almost dead.
You feel sick.
The naga sharpshooter spits poison at you.
The splash of poison hits you but does no damage.
You resist.
You hit the naga sharpshooter but do no damage.
The naga sharpshooter is almost dead.
You hit the naga sharpshooter. You freeze the naga sharpshooter.
Your bite misses the naga sharpshooter.
The naga sharpshooter is almost dead.
The naga sharpshooter shoots an arrow.
The arrow hits you!!
You die...

.....# #.........# .....###
##........#
.......###########.(..#(..#
.##......#...##(......#####
###......(..(##.).....#...#
.........(....(().....#...#
..............(##....##...#
...###.........(..#.####..###
)..........#..(.@†..........#
................N...........#
####..#...##.(........#.#...#
#####........#..........#####
..........####........###
.).###..### #.......## ..##
##..#####.......# ..##
##)..##...(...## ...#
###.(#.......#


You could see a naga sharpshooter.

Vanquished Creatures
  Vashnia (Snake:2)
  Jorgrun (Snake:1)
  Rupert (Snake:1)
  Frances (Snake:1)
  Gastronok (D:11)
  A nagaraja (Snake:2)
  An orc warlord (Orc:2)
  Nessos (D:13)
  An ettin (Orc:2)
  6 hydras
  11 naga warriors
  4 vault guards (D:13)
  12 anacondas
  A catoblepas (D:13)
  The ghost of PikkenKukken the Spear-Bearer, a novice MfGl of Gozag (D:7)
  Urug (D:11)
  4 two-headed ogres
  3 orc high priests (Orc:2)
  18 naga sharpshooters
  Sonja (Lair:3)
  7 shock serpents
  3 salamander mystics
  2 unseen horrors
  8 naga ritualists
  An orc knight (Orc:1)
  The ghost of OdinFK the Thaumaturge, a novice DEFE of Vehumet (D:7)
  A manticore (D:13)
  11 mana vipers
  A cyclops (D:13)
  A deep elf mage (D:10)
  18 salamanders
  9 guardian serpents
  A worldbinder (Gauntlet)
  Maurice (D:8)
  Joseph (D:7)
  A rust devil (Gauntlet)
  4 elephants
  2 centaur zombies (D:13)
  45 black mambas
  11 naga magi
  27 spiny frogs
  An eye of devastation (Gauntlet)
  3 rime drakes
  An efreet (D:10)
  7 komodo dragons
  A troll (Orc:1)
  A hornet (D:8)
  2 polar bears (Lair:6)
  A snapping turtle (Lair:4)
  3 tyrant leeches
  17 blink frogs
  A dream sheep (Lair:1)
  9 hippogriffs
  3 slime creatures (Gauntlet)
  A ynoxinul (Gauntlet)
  Sigmund (D:6)
  Eustachio (D:6)
  A basilisk (D:11)
  51 yaks
  A wyvern (Lair:3)
  2 steam dragons
  9 vampire mosquitoes
  2 hungry ghosts
  Menkaure (D:7)
  43 nagas
  4 wargs
  5 insubstantial wisps (D:11)
  2 acid dragons
  A soldier ant (shapeshifter) (D:13)
  A soldier ant (D:12)
  13 water moccasins
  8 porcupines
  A floating eye (Gauntlet)
  A hornet zombie (D:10)
  3 ice beasts
  4 sky beasts
  30 orc warriors
  An eye of draining (D:10)
  3 boggarts (Gauntlet)
  A necrophage (D:13)
  3 phantoms
  10 ogres
  5 crocodiles
  10 centaurs
  17 wolves
  7 big kobolds
  31 bullfrogs
  A water moccasin zombie (D:9)
  A wyvern skeleton (D:11)
  3 scorpions
  6 killer bees (D:10)
  3 wights (D:6)
  5 howler monkeys
  5 electric eels
  7 crimson imps
  6 jellies
  2 iron imps (Gauntlet)
  8 hounds
  Crazy Yiuf (D:6)
  2 bullfrog skeletons
  28 orc priests
  3 centaur skeletons
  33 orc wizards
  2 iguanas
  6 worker ants
  6 hell rats
  2 hound skeletons
  A worker ant zombie (D:5)
  Robin (D:3)
  11 gnolls
  14 adders
  3 river rats
  4 shadow imps
  11 oozes
  2 adder skeletons
  An adder zombie (D:9)
  7 worms
  2 dart slugs (D:1)
  9 leopard geckos
  103 orcs
  5 ball pythons
  6 giant cockroaches
  11 hobgoblins
  16 jackals
  7 quokkas
  4 bats
  5 frilled lizards
  21 goblins
  A goblin skeleton (D:5)
  A goblin zombie (D:5)
  2 hobgoblin zombies (D:5)
  35 kobolds
  A kobold skeleton (D:5)
  3 kobold zombies (D:5)
  A leopard gecko skeleton (D:4)
  2 orc skeletons (D:5)
  2 orc zombies (D:5)
  A quokka skeleton (D:8)
  A quokka zombie (D:6)
  9 rats
984 creatures vanquished.

Vanquished Creatures (collateral kills)
  A minotaur (Gauntlet)
  2 naga sharpshooters (Snake:2)
  An oklob plant (Orc:2)
4 creatures vanquished.

Vanquished Creatures (others)
  A guardian serpent (Snake:4)
  A bullfrog (D:9)
  An orc wizard (D:9)
  15 demonic plants (Gauntlet)
  29 fungi
  49 plants
96 creatures vanquished.

Grand Total: 1084 creatures vanquished

Notes
Turn   | Place    | Note
-------+----------+-------------------------------------------
     0 | D:1      | Lusmu the Vampire Assassin began the quest for the Orb.
     0 | D:1      | Reached XP level 1. HP: 16/16 MP: 1/1
    62 | D:1      | Reached skill level 6 in Stealth
   120 | D:1      | Reached XP level 2. HP: 22/22 MP: 2/2
  1117 | D:2      | Reached XP level 3. HP: 27/27 MP: 3/3
  1194 | D:2      | Reached XP level 4. HP: 28/34 MP: 4/4
  1905 | D:2      | Found an opulent altar of Gozag.
  2012 | D:2      | Found a hide-covered altar of Uskayaw.
  2203 | D:3      | Reached XP level 5. HP: 18/39 MP: 5/5
  2319 | D:3      | Reached skill level 7 in Stealth
  2362 | D:3      | Found a shattered altar of Ashenzari.
  2661 | D:3      | Became a worshipper of Ashenzari the Shackled
  2706 | D:3      | Found a glowing drain.
  2749 | Sewer    | Entered a sewer
  3081 | Sewer    | Reached XP level 6. HP: 42/47 MP: 6/6
  3731 | Sewer    | Reached skill level 8 in Stealth
  3744 | Sewer    | Reached XP level 7. HP: 44/53 MP: 7/7
  3790 | D:3      | Found a bloodstained altar of Trog.
  4148 | D:3      | Noticed Robin
  4193 | D:3      | Killed Robin
  4605 | D:4      | Found an iron altar of Okawaru.
  4787 | D:4      | Got the uncursed helmet "Hagiq" {+Inv Str+5}
  4794 | D:4      | Identified the +2 helmet "Hagiq" {+Inv Str+5} (You found it
                  | on level 4 of the Dungeon)
  5342 | D:5      | Entered Level 5 of the Dungeon
  5425 | D:5      | Reached skill level 5 in Short Blades
  5516 | D:5      | Found a deep blue altar of Sif Muna.
  5582 | D:5      | Reached skill level 9 in Stealth
  5877 | D:5      | Reached * piety under Ashenzari
  5968 | D:5      | Reached XP level 8. HP: 61/61 MP: 8/8
  6035 | D:5      | Found a glowing golden altar of the Shining One.
  6155 | D:5      | Found a staircase to the Ecumenical Temple.
  6162 | Temple   | Entered the Ecumenical Temple
  6884 | D:6      | Noticed Eustachio
  6891 | D:6      | Killed Eustachio
  7106 | D:6      | Noticed Sigmund
  7115 | D:6      | Killed Sigmund
  7115 | D:6      | Reached skill level 5 in Fighting
  7115 | D:6      | Reached skill level 10 in Stealth
  7162 | D:6      | Reached skill level 5 in Throwing
  7192 | D:6      | Reached skill level 11 in Stealth
  7251 | D:6      | Learned a level 2 spell: Blink
  7367 | D:6      | Reached XP level 9. HP: 68/68 MP: 9/9
  7974 | D:6      | Found a runed translucent door.
  7975 | D:6      | Noticed Crazy Yiuf
  8025 | D:6      | Reached skill level 12 in Stealth
  8197 | D:6      | Killed Crazy Yiuf
  8226 | D:7      | Found Xocublig's Gadget Shoppe.
  8234 | D:7      | Noticed Joseph
  8259 | D:7      | Killed Joseph
  8523 | D:7      | Noticed Menkaure
  8524 | D:7      | Found a burning altar of Makhleb.
  8679 | D:7      | Found a sacrificial altar of Ru.
  9014 | D:7      | Killed Menkaure
  9040 | D:7      | Found Sejos's Gadget Emporium.
  9054 | D:7      | Bought a wand of iceblast (6) for 100 gold pieces
  9056 | D:7      | Found Walo's Assorted Antiques.
  9101 | D:7      | Found Gazoas's Assorted Antiques.
  9112 | D:7      | Found a runed translucent gate.
  9112 | D:7      | Found a runed translucent gate.
  9112 | D:7      | Found a runed translucent gate.
  9113 | D:7      | Noticed PikkenKukken's ghost (novice MfGl)
  9114 | D:7      | Noticed OdinFK's ghost (novice DEFE)
  9115 | D:7      | Reached skill level 10 in Short Blades
  9118 | D:7      | Got the uncursed scale mail "Keopemyx" {rN+ MR+ Str+7}
  9143 | D:7      | Found a white marble altar of Elyvilon.
  9158 | D:7      | Bought a wand of iceblast (13) for 96 gold pieces
  9207 | D:7      | Found a snail-covered altar of Cheibriados.
  9237 | D:7      | Found a burning altar of Makhleb.
  9298 | D:7      | Noticed a balrug
  9315 | D:7      | Found a glowing golden altar of the Shining One.
  9349 | D:7      | Found a basalt altar of Yredelemnul.
  9439 | D:7      | Noticed an angel
  9460 | D:7      | Identified the +2 scale mail "Keopemyx" {rN+ MR+ Str+7}
                  | (You found it on level 7 of the Dungeon)
  9506 | D:8      | Reached skill level 1 in Evocations
  9514 | D:8      | Reached skill level 1 in Armour
  9523 | D:8      | Noticed a two-headed ogre
  9529 | D:8      | Reached XP level 10. HP: 55/74 MP: 9/11
  9541 | D:7      | Killed a two-headed ogre
  9946 | D:8      | Noticed Maurice
  9969 | D:8      | Killed Maurice
 10071 | D:8      | Found a glowing silver altar of Zin.
 10621 | D:9      | Reached ** piety under Ashenzari
 10827 | D:9      | Found a radiant altar of Vehumet.
 11068 | D:10     | Entered Level 10 of the Dungeon
 11196 | D:10     | Found a flagged portal.
 11317 | Bailey   | Entered a bailey
 12082 | D:10     | Found Ocianki's Gadget Shop.
 12314 | D:10     | Reached XP level 11. HP: 80/83 MP: 13/13
 12475 | D:10     | Noticed a four-headed hydra
 12504 | D:9      | Killed a four-headed hydra
 12504 | D:9      | Reached skill level 5 in Dodging
 12878 | D:10     | Noticed a deep elf mage
 12889 | D:10     | Killed a deep elf mage
 13092 | D:11     | Noticed Urug
 13274 | D:11     | Found a staircase to the Lair.
 13288 | D:11     | Killed Urug
 13763 | D:11     | Noticed an orc high priest
 13765 | D:11     | Found a roughly hewn altar of Beogh.
 13765 | D:11     | Found a transporter.
 13784 | D:11     | Reached skill level 5 in Evocations
 13938 | D:11     | Found a transporter.
 13943 | D:11     | Noticed Gastronok
 13994 | D:11     | Killed Gastronok
 13994 | D:11     | Reached skill level 5 in Armour
 14411 | Lair:1   | Entered Level 1 of the Lair of Beasts
 14463 | D:11     | Reached XP level 12. HP: 92/92 MP: 15/15
 14783 | Lair:1   | Noticed an eight-headed hydra
 14787 | Lair:1   | Killed an eight-headed hydra
 16195 | Lair:1   | Got the cursed ring mail of Riurchiunk {-Tele rElec rC++}
 16534 | Lair:2   | Noticed a seven-headed hydra
 16542 | Lair:2   | Learned a level 1 spell: Infusion
 16546 | Lair:2   | Learned a level 3 spell: Mephitic Cloud
 16825 | Lair:1   | Reached skill level 1 in Charms
 16828 | Lair:1   | Reached skill level 1 in Air Magic
 16855 | Lair:2   | Reached skill level 1 in Spellcasting
 16855 | Lair:2   | Reached skill level 1 in Poison Magic
 16865 | Lair:2   | Found a gate leading to a gauntlet.
 16880 | Lair:2   | Reached skill level 1 in Translocations
 16882 | Gauntlet | Entered a Gauntlet
 16882 | Gauntlet | Found a transporter.
 16882 | Gauntlet | Found a transporter.
 16884 | Gauntlet | Noticed a hell hog
 16902 | Gauntlet | Found a transporter.
 16902 | Gauntlet | Found a transporter.
 16922 | Gauntlet | Found a transporter.
 16933 | Gauntlet | Found a transporter.
 16939 | Gauntlet | Found a transporter.
 16947 | Gauntlet | Found a transporter.
 16965 | Gauntlet | Found a transporter.
 16973 | Gauntlet | Found a transporter.
 16991 | Gauntlet | Found a transporter.
 17014 | Gauntlet | Found a transporter.
 17226 | Gauntlet | Reached skill level 1 in Conjurations
 17577 | Gauntlet | Identified the cursed +1 longbow of the Shining Light
                  | {flame, +Fly rPois rC+ Int+2 Dex-3}
 17577 | Gauntlet | Noticed a minotaur
 17596 | Gauntlet | Killed a minotaur
 17649 | Gauntlet | Got the falchion of the Bear {slice, *Noise rPois rF+++
                  | Dex-5}
 17649 | Gauntlet | Got the cursed hand axe of the Peculiar Tables {pain, rF+
                  | Str-5 Int+5}
 18488 | Lair:2   | Killed a seven-headed hydra
 18488 | Lair:2   | Reached XP level 13. HP: 66/98 MP: 16/16
 18570 | Lair:2   | Reached *** piety under Ashenzari
 18952 | Lair:3   | Noticed Sonja
 19331 | Lair:3   | Killed Sonja
 20540 | Lair:3   | Reached skill level 13 in Stealth
 20960 | Lair:4   | Found a staircase to the Snake Pit.
 21217 | Lair:4   | Found a runed translucent door.
 21437 | Lair:4   | Noticed Doxtoqo's ghost (journeyman DDFi)
 21714 | Lair:4   | Found a staircase to the Shoals.
 21785 | Lair:4   | Reached **** piety under Ashenzari
 22262 | Lair:5   | Reached skill level 14 in Stealth
 22800 | Lair:5   | Reached skill level 15 in Stealth
 22973 | Lair:6   | Entered Level 6 of the Lair of Beasts
 24524 | Lair:6   | Reached XP level 14. HP: 74/106 MP: 18/18
 24988 | Lair:6   | Reached ***** piety under Ashenzari
 26204 | Lair:6   | Found a staircase to the Slime Pits.
 26927 | Lair:1   | Gained mutation: Your magical capacity is low. (-10% MP)
                  | [potion of mutation]
 26927 | Lair:1   | Gained mutation: Your spells are a little easier to cast,
                  | but a little less powerful. [potion of mutation]
 26927 | Lair:1   | Gained mutation: You are covered in fur. (AC +1) [potion of
                  | mutation]
 26929 | Lair:1   | Lost mutation: Your spells are a little easier to cast, but
                  | a little less powerful. [potion of mutation]
 26929 | Lair:1   | Lost mutation: Your magical capacity is low. (-10% MP)
                  | [potion of mutation]
 26929 | Lair:1   | Lost mutation: You are covered in fur. (AC +1) [potion of
                  | mutation]
 26929 | Lair:1   | Gained mutation: You have a pair of small horns on your
                  | head. [potion of mutation]
 26929 | Lair:1   | Gained mutation: You have a somewhat thin skeletal
                  | structure. (Dex +2, Stealth) [potion of mutation]
 26929 | Lair:1   | Gained mutation: Armour fits poorly on your strangely
                  | shaped body. [potion of mutation]
 26929 | Lair:1   | Gained mutation: You are partially covered in rugged brown
                  | scales. (AC +1, +3% HP) [potion of mutation]
 27983 | D:12     | Found a staircase to the Orcish Mines.
 28018 | Orc:1    | Entered Level 1 of the Orcish Mines
 28283 | Orc:1    | Found a roughly hewn altar of Beogh.
 28921 | Orc:2    | Entered Level 2 of the Orcish Mines
 28921 | Orc:2    | Found a staircase to the Elven Halls.
 28961 | Orc:2    | Found a roughly hewn altar of Beogh.
 28994 | Orc:2    | Found a roughly hewn altar of Beogh.
 29000 | Orc:2    | Found Beuddure's General Store.
 29098 | Orc:2    | Found a frozen archway.
 29252 | Orc:2    | Found a roughly hewn altar of Beogh.
 29422 | Orc:2    | Found a roughly hewn altar of Beogh.
 29737 | Orc:2    | Found a roughly hewn altar of Beogh.
 29741 | Orc:2    | Found Lusewion's Antique Weapon Emporium.
 30304 | Orc:2    | Noticed an orc warlord
 30435 | Orc:2    | Killed an orc warlord
 30602 | Orc:2    | Found Onkiottan's Antique Weapon Emporium.
 30602 | Orc:2    | Found a roughly hewn altar of Beogh.
 30604 | Orc:2    | Found Jero's Antique Armour Shoppe.
 30655 | Orc:2    | Bought an embroidered hat for 175 gold pieces
 30664 | Orc:2    | Bought a buckler for 112 gold pieces
 30873 | Orc:2    | Bought a distressingly furry chain mail for 237 gold pieces
 30873 | Orc:2    | Bought a bloodstained leather armour for 175 gold pieces
 30881 | Orc:2    | Identified the +5 chain mail "Popum" {rN++ Str-4} (You
                  | bought it in a shop on level 2 of the Orcish Mines)
 30882 | Orc:2    | Identified the +0 leather armour "Ocom" {Int+6} (You bought
                  | it in a shop on level 2 of the Orcish Mines)
 30887 | Orc:2    | Bought a bloodstained great sword for 368 gold pieces
 31067 | D:7      | Bought a lamp of fire for 400 gold pieces
 31080 | D:7      | Bought a scroll labeled WUTHRA XEKKAROGA for 26 gold pieces
 31144 | D:7      | Killed OdinFK's ghost
 31159 | D:7      | Killed PikkenKukken's ghost
 31335 | Lair:1   | Identified the +3 great sword of Truth {vamp, *Drain +Inv
                  | rN+} (You bought it in a shop on level 2 of the Orcish
                  | Mines)
 31611 | D:13     | Reached skill level 1 in Shields
 31675 | D:13     | Found a portal to a secret trove of treasure.
 31699 | D:13     | Found a gate to the Vaults.
 31738 | D:13     | Reached skill level 10 in Dodging
 32205 | D:13     | Noticed Nessos
 32226 | D:13     | Killed Nessos
 32226 | D:13     | Reached XP level 15. HP: 83/117 MP: 20/20
 32419 | D:14     | Found a white marble altar of Elyvilon.
 32447 | D:14     | Lost mutation: You have a pair of small horns on your head.
                  | [potion of mutation]
 32447 | D:14     | Lost mutation: Armour fits poorly on your strangely shaped
                  | body. [potion of mutation]
 32447 | D:14     | Lost mutation: You are partially covered in rugged brown
                  | scales. (AC +1, +3% HP) [potion of mutation]
 32447 | D:14     | Gained mutation: Your system is resistant to poisons.
                  | (rPois) [potion of mutation]
 32447 | D:14     | Gained mutation: You are robust. (+10% HP) [potion of
                  | mutation]
 32651 | Snake:1  | Entered Level 1 of the Snake Pit
 32707 | Snake:1  | Noticed Rupert
 32735 | Snake:1  | Killed Rupert
 32824 | Snake:1  | Found a shadowy altar of Dithmenos.
 32970 | Snake:1  | Found Fajaurph's Jewellery Emporium.
 32973 | Snake:1  | Found Ufauhog's Gadget Boutique.
 32976 | Snake:1  | Found Afrael's Jewellery Emporium.
 33241 | Snake:1  | Reached skill level 5 in Poison Magic
 33412 | Snake:1  | Noticed Frances
 33441 | Snake:1  | Got the rapier of Responsibility {holy, Fragile rF+ rN+
                  | Str+2}
 33767 | Snake:1  | Killed Frances
 33767 | Snake:1  | Reached skill level 10 in Fighting
 34924 | Snake:2  | Noticed Jorgrun
 34937 | Snake:1  | Killed Jorgrun
 36310 | Snake:2  | Found Xikk's Antique Weapon Shop.
 36318 | Snake:2  | Bought a warped short sword for 232 gold pieces
 36536 | Snake:2  | Noticed a nagaraja
 36539 | Snake:2  | Killed a nagaraja
 36813 | Snake:2  | Noticed Vashnia
 37018 | Snake:2  | Reached XP level 16. HP: 36/134 MP: 22/22
 37732 | Snake:2  | Killed Vashnia
 37875 | Snake:2  | Found Umite's Antique Armour Emporium.
 38080 | Snake:2  | Found Zerux's Distillery.
 38083 | Snake:2  | Bought a potion of heal wounds for 100 gold pieces
 38815 | Snake:3  | Reached skill level 10 in Poison Magic
 40302 | Snake:4  | Entered Level 4 of the Snake Pit
 42172 | Snake:4  | Found Dufan's Distillery.
 42426 | Snake:4  | Reached XP level 17. HP: 90/140 MP: 17/24
 42746 | Snake:4  | Identified the +9 quarterstaff of the Three Curses {elec,
                  | *Drain Str+3 Dex+4 SInv}
 42747 | Snake:4  | Reached ****** piety under Ashenzari
 42767 | Snake:3  | Reached skill level 5 in Translocations
 42772 | Snake:3  | Shot with an arrow by a naga sharpshooter

Skill      XL: |  1  2  3  4  5  6  7  8  9 10 11 12 13 14 15 16 17 |
---------------+----------------------------------------------------+-----
Stealth        | 6 7 8 9 11 12 15 | 15.8
Fighting       | 2 3 4 5 6 8 9 10 | 10.0
Throwing       | 2 3 4 5 |  5.8
Short Blades   | 3 4 5 7 10 11 12 13 14 | 14.0
Evocations     | 1 3 5 7 8 9 |  9.7
Armour         | 1 3 5 7 |  7.8
Dodging        | 2 4 7 8 10 11 12 | 12.1
Charms         | 2 3 4 |  4.0
Air Magic      | 2 3 4 |  4.0
Spellcasting   | 2 3 4 |  4.3
Poison Magic   | 2 3 4 8 10 | 10.1
Translocations | 2 3 4 5 |  5.0
Conjurations   | 1 4 |  4.9
Shields        | 2 4 |  4.1

Action                   |  1- 3 |  4- 6 |  7- 9 | 10-12 | 13-15 | 16-18 || total
-------------------------+-------+-------+-------+-------+-------+-------++-------
Melee: Dagger            |    69 |   272 |   338 |       |       |       ||   679
       Bite              |     5 |    33 |    89 |   221 |   359 |   122 ||   829
       Unarmed           |       |     7 |       |       |       |       ||     7
       Rapier            |       |       |   269 |   980 |  1838 |   653 ||  3740
       Headbutt          |       |       |       |       |   151 |       ||   151
 Fire: Blowgun           |     5 |    21 |     8 |    26 |    14 |       ||    74
Throw: Tomahawk          |       |       |       |    13 |    40 |       ||    53
 Cast: Mephitic Cloud    |       |       |       |       |     7 |       ||     7
Invok: Curse Item        |       |       |     2 |       |     1 |       ||     3
 Abil: End Transformatio |       |     1 |     1 |     1 |       |       ||     3
       Bat Form          |       |     1 |     1 |     1 |       |       ||     3
Evoke: Wand              |       |       |     9 |    14 |    35 |     4 ||    62
       Box of beasts     |       |       |       |     1 |     2 |     2 ||     5
       Phial of floods   |       |       |       |     1 |     3 |     1 ||     5
       Lamp of fire      |       |       |       |       |     1 |     2 ||     3
  Use: Potion            |       |     3 |    14 |    11 |    22 |    12 ||    62
       Scroll            |       |     3 |     9 |     9 |    19 |     4 ||    44
 Stab: Sleeping          |     7 |     5 |    25 |    14 |    50 |    14 ||   115
       Distracted        |       |       |       |     4 |     8 |       ||    12
       Confused          |       |       |       |       |     8 |       ||     8
  Eat: Corpse            |     3 |     4 |    13 |    19 |    33 |     8 ||    80
Armor: Robe              |    14 |       |       |       |       |       ||    14
       Leather armour    |     5 |    76 |   150 |       |       |       ||   231
       Scale mail        |       |       |     9 |   294 |   333 |   102 ||   738
Dodge: Dodged            |    23 |   112 |   271 |   612 |   905 |   313 ||  2236
Block: Other             |       |       |    37 |    54 |    47 |       ||   138
       Reflection        |       |       |     1 |     2 |    17 |    23 ||    43
       Buckler           |       |       |       |       |   137 |   150 ||   287
